AoeStats
← Joaquito

Arena

507655792Analyzed
3v3 RM · 12d ago on Sep 19, 2026· 16m 55s· 6 players
Game mode
Random Map
Map size
Normal (6 player)
Population
200
Speed
Normal
Resources
Standard
Victory
Conquest
Starting age
Dark Age
Ending age
Imperial Age
RankedLock teamsTeams togetherTeam positionsShared explorationLock speedFull tech treeHidden civsTurbo modeCheats
Victory
Defeat
🇦🇷 Goths · Argentina
1192
+16
🇨🇱 Ethiopians · Chile
1095
+19
🇨🇱 Cumans · Chile
1068
+20
🇬🇧 Huns · United Kingdom
1401
-27
🇻🇳 Britons · Vietnam
1161
-18
🇺🇸 Turks · United States
968
-10
minondo007
0:44 Loom
11:10 Feudal Age
MemeManVai
9:56 Feudal Age
14:48 Castle Age
14:10 Double-Bit Axe
Ash
11:23 Feudal Age
15:02 Castle Age
13:22 Horse Collar
14:16 Double-Bit Axe
Joaquito
10:16 Feudal Age
15:56 Double-Bit Axe
cacadecaca38
10:12 Feudal Age
10:56 Double-Bit Axe
11:32 Gold Mining
Federati
9:51 Feudal Age
11:17 Double-Bit Axe
11:18 Horse Collar
11:13 Man-at-Arms
13:43 Forging
17:46 Wheelbarrow
Connection lost

Rejoining the realm…

Still unreachable

The connection could not be restored.

Session expired

The server has moved on; the page needs a fresh start.